 Dungeon Crawl Stone Soup version 0.21.0-3-g78d12a8bdd (webtiles) character file.

60 GreyFruit the Sneak (level 3, -6/15 HPs)
             Began as a Felid Fire Elementalist on Jan 17, 2018.
             Was an Initiate of Qazlal.
             Blown up by Ijyb (20 damage)
             ... with a wand of disintegration (13)
             ... on level 3 of the Dungeon.
             The game lasted 00:09:40 (1578 turns).

GreyFruit the Sneak (Felid Fire Elementalist)       Turns: 1578, Time: 00:09:43

Health: -6/15      AC:  2    Str:  4    XL:     3   Next: 82%
Magic:  7/7        EV: 31    Int: 17    God:    Qazlal [......]
Gold:   52         SH:  0    Dex: 16    Spells: 5/6 levels left
                                        Lives:  0   Deaths: 0

rFire    . . .     SeeInvis +     - Unarmed
rCold    . . .     Gourm    .   (shield unavailable)
rNeg     . . .     Faith    .   (armour unavailable)
rPois    .         Spirit   .   (helmet unavailable)
rElec    .         Reflect  .   (cloak unavailable)
rCorr    .         Harm     +   (gloves unavailable)
MR       .....                  (boots unavailable)
Stlth    +++.......             h - amulet of harm
HPRegen  0.05/turn              j - +6 ring of evasion
MPRegen  0.10/turn              l - +6 ring of evasion

@: quick
A: very small, no armour, no weapons or thrown items, stealth, claws 1, fangs 3,
rugged brown scales 1, see invisible, carnivore, speed 1, sense surroundings 1,
shaggy fur 1, slow metabolism 1, sharp paws
a: Renounce Religion


You were on level 3 of the Dungeon.
You worshipped Qazlal.
Qazlal was noncommittal.
You were not hungry.

You visited 1 branch of the dungeon, and saw 3 of its levels.

You collected 52 gold pieces.

Inventory:

Hand Weapons
 b - a +0 whip
 c - a +0 mace
Missiles
 d - 45 stones
Jewellery
 h - an amulet of harm (around neck)
 j - a +6 ring of evasion (left paw)
 l - a +6 ring of evasion (right paw)
Scrolls
 i - a scroll of identify {unknown}
 k - a scroll of blinking {unknown}
Potions
 e - a potion of agility {unknown}
 g - a potion of lignification {unknown}
Books
 a - a book of Flames

   Spells                             Type                      Level
   a - Flame Tongue                   Conjuration/Fire             1
   b - Throw Flame                    Conjuration/Fire             2
   c - Conjure Flame                  Conjuration/Fire             3
   d - Inner Flame                    Hexes/Fire                   3
   e - Sticky Flame                   Conjuration/Fire             4
   f - Fireball                       Conjuration/Fire             5
Comestibles
 f - 7 chunks of flesh


   Skills:
 + Level 0.9 Fighting
 + Level 3.4 Dodging
 + Level 3.9 Stealth
 + Level 1.0 Unarmed Combat
 + Level 2.1 Spellcasting
 + Level 0.9 Conjurations
 + Level 3.1 Fire Magic


You had 5 spell levels left.
You knew the following spells:

 Your Spells              Type           Power        Failure   Level  Hunger
a - Flame Tongue          Conj/Fire      #....        9%          1    #......


Dungeon Overview and Level Annotations

Branches:
Dungeon (3/15)

Altars:
Qazlal

Annotations:
D:2 Robin
D:3 Ijyb


Innate Abilities, Weirdness & Mutations

You cannot wear armour.
You are incapable of wielding weapons or throwing items.
Your paws allow you to move quietly. (Stealth)
You have sharp claws.
You have razor-sharp teeth.
You have supernaturally acute eyesight. (SInv)
You are carnivorous and can eat meat at any time.
You cover ground quickly.
You are covered in fur. (AC +1)
You have a slow metabolism.
Your sharp claws are effective at attacking unaware monsters.
You are partially covered in rugged brown scales. (AC +1, +3% HP)
You passively map a small area around you.


Message History

You butcher the adder corpse.
f - 7 chunks of flesh (gained 2)
Found a scroll labeled VIR VUDGHIEGIE.
k - a scroll labeled VIR VUDGHIEGIE
Found a stone staircase leading up.
Found a ring of evasion.
l - a ring of evasion
l - a +6 ring of evasion (right paw)
An adder comes into view.
You enter a teleport trap!
The teleport trap disappears.
Your surroundings suddenly seem different.
A goblin comes into view.
You see here 15 sling bullets.
The helpless Ijyb fails to defend herself.
You claw Ijyb!
Ijyb is moderately wounded.
Ijyb screams, "Me kill you!"
Ijyb zaps a wand.
You are blasted!
Ouch! That really hurt!
You die...

#.# * #.# #.##.# * *
#.#########..... ,
#..............,
#.#####..S....## *
###.#####........
#............g.#####
#.....#........g...#
#.<...#.#.....@(# ,
#.....#.#....(..# , *
#.....#......$.......
####.##.#.......##.#.
#.##.#.......#*,#
#.##.#.......# * ,
#.##.#.......## *,
#.##<.......... * *
#.##....)....### ,


You could see Ijyb, an adder (sleeping) and a goblin (sleeping).

Vanquished Creatures
  Jessica (D:3)
  An adder (D:3)
  A dart slug (D:2)
  A ball python (D:2)
  2 bats
  3 giant cockroaches
  4 goblins
  A hobgoblin (D:3)
  A kobold (D:1)
  4 frilled lizards
  4 rats
23 creatures vanquished.

Notes
Turn   | Place    | Note
-------+----------+-------------------------------------------
     0 | D:1      | GreyFruit the Felid Fire Elementalist began the quest for the Orb.
     0 | D:1      | Reached XP level 1. HP: 7/7 MP: 4/4
    55 | D:1      | Gained mutation: Your mind is acute. (Int +2) [potion of mutation]
    55 | D:1      | Gained mutation: You expend magic power (3 MP) to strengthen your wands. [potion of mutation]
    55 | D:1      | Gained mutation: You can translocate small distances at will. [potion of mutation]
    57 | D:1      | Lost mutation: Your mind is acute. (Int +2) [potion of mutation]
    57 | D:1      | Lost mutation: You can translocate small distances at will. [potion of mutation]
    57 | D:1      | Lost mutation: You expend magic power (3 MP) to strengthen your wands. [potion of mutation]
    57 | D:1      | Gained mutation: You are partially covered in rugged brown scales. (AC +1, +3% HP) [potion of mutation]
    57 | D:1      | Gained mutation: You passively map a small area around you. [potion of mutation]
  1258 | D:2      | Reached XP level 2. HP: 11/11 MP: 6/6
  1284 | D:2      | Found a stormy altar of Qazlal.
  1298 | D:2      | Became a worshipper of Qazlal Stormbringer
  1408 | D:2      | Noticed Robin
  1441 | D:3      | Noticed Ijyb
  1475 | D:3      | Noticed Jessica
  1491 | D:3      | Killed Jessica
  1491 | D:3      | Reached skill level 1 in Unarmed Combat
  1491 | D:3      | Reached XP level 3. HP: 10/14 MP: 2/7
  1578 | D:3      | Blown up by Ijyb

Skill      XL: |  1  2 |
---------------+-------+-----
Stealth        | 3 |  3.9
Dodging        | 3 |  3.4
Fire Magic     | 3 |  3.1
Unarmed Combat | 1 |  1.0
Fighting       | |  0.9
Spellcasting   | |  2.1
Conjurations   | |  0.9

Action                   || total
-------------------------++-------
Melee: Unarmed           ||    51
       Bite              ||     4
 Cast: Flame Tongue      ||     9
  Use: Potion            ||     3
       Scroll            ||     2
 Stab: Sleeping          ||     9
  Eat: Chunk             ||     2
       Ration            ||     1
Armor: Skin              ||     3
Dodge: Dodged            ||    33
